 Dungeon Crawl Stone Soup version 0.28-a0-94-g325244837d (webtiles) character file.

Game seed: 7036569996905268454

33341 tatocazan the Severer (level 13, -25/117 HPs)
             Began as a Minotaur Fighter on Aug 7, 2021.
             Was the Champion of Wu Jian.
             Killed from afar by Azrael (40 damage)
             ... with damnation
             ... on level 2 of the Orcish Mines.
             The game lasted 00:28:08 (20610 turns).

tatocazan the Severer (Minotaur Fighter)           Turns: 20610, Time: 00:28:08

Health: -25/117    AC: 18    Str: 26    XL:     13   Next: 36%
Magic:  12/12      EV:  8    Int:  5    God:    Wu Jian [******]
Gold:   1738       SH: 13    Dex: 10    Spells: 12/12 levels left

rFire   . . .      SeeInvis +   b - +6 broad axe (flame)
rCold   + . .      Faith    .   c - +0 kite shield
rNeg    . . .      Spirit   .   M - +0 plate armour
rPois   .          Reflect  .   (helmet restricted)
rElec   .          Harm     .   (no cloak)
rCorr   .          Rampage  .   D - +0 pair of gloves
Will    .....                   N - +0 pair of boots
Stlth   ..........              O - amulet of the acrobat
HPRegen 0.29/turn               G - ring of protection from cold
MPRegen 0.13/turn               H - ring of see invisible

@: no status effects
A: horns 2, retaliatory headbutt
a: Renounce Religion, Wall Jump, Serpent's Lash, Heavenly Storm


You were on level 2 of the Orcish Mines.
You worshipped Wu Jian.
Wu Jian was exalted by your worship.
You visited 2 branches of the dungeon, and saw 14 of its levels.
You also visited: Bailey.

You collected 2940 gold pieces.
You spent 1202 gold pieces at shops.

Inventory:

Hand Weapons
 b - a +6 broad axe of flaming (weapon)
 C - the +9 hand crossbow "Adoazuwn" {freeze, rCorr}
   (You bought it in a shop on level 1 of the Orcish Mines)

   Any ammunition fired from it freezes those it strikes, dealing additional
   cold damage.
   It can also slow down cold-blooded creatures.
   rCorr:     It protects you from acid and corrosion.
Missiles
 g - 46 boomerangs
 m - 54 bolts
 s - 9 atropa-tipped darts
 w - 3 curare-tipped darts (quivered)
 I - 3 throwing nets
Armour
 c - a +0 kite shield (worn)
 D - a +0 pair of gloves (worn)
 M - a +0 plate armour (worn)
 N - a +0 pair of boots (worn)
Jewellery
 h - a +4 ring of protection
 G - a ring of protection from cold (left hand)
 H - a ring of see invisible (right hand)
 J - a ring of flight
 O - an amulet of the acrobat (around neck)
Wands
 o - a wand of iceblast (17)
 u - a wand of digging (3)
 v - a wand of flame (42)
 L - a wand of polymorph (7)
Scrolls
 e - a scroll of fear
 i - a scroll of teleportation
 l - 4 scrolls of enchant armour
 n - 9 scrolls of identify
 t - a scroll of enchant weapon
 x - a scroll of immolation {unknown}
 E - a scroll of noise
 K - 2 scrolls of magic mapping
Potions
 a - a potion of degeneration {unknown}
 d - a potion of might
 f - 2 potions of curing {unknown}
 j - a potion of ambrosia
 q - 2 potions of brilliance
 z - a potion of cancellation {unknown}
 A - 2 potions of flight {unknown}
 B - 2 potions of haste {unknown}
 F - 2 potions of invisibility {unknown}


   Skills:
 + Level 11.6 Fighting
 * Level 15.1 Axes
 - Level 10.0 Crossbows
 + Level 11.7 Armour
 + Level 4.5 Dodging
 + Level 11.6 Shields


You had 12 spell levels left.
You didn't know any spells.
Your spell library contained the following spells:

 Spells                   Type           Power      Damage    Failure   Level
 Summon Small Mammal      Summ           0%         N/A       100%        1
 Call Canine Familiar     Summ           0%         N/A       100%        3
 Gell's Gravitas          Tloc           0%         N/A       100%        3
 Lesser Beckoning         Tloc           0%         N/A       100%        3
 Stone Arrow              Conj/Erth      0%         3d7       100%        3
 Summon Guardian Golem    Hex/Summ       0%         N/A       100%        3
 Teleport Other           Tloc           0%         N/A       100%        3
 Animate Armour           Summ/Erth      0%         N/A       100%        4
 Hailstorm                Conj/Ice       0%         3d3       100%        4
 Ice Form                 Ice/Tmut       0%         N/A       100%        4
 Fireball                 Conj/Fire      0%         3d3       100%        5
 Iskenderun's Battlesphe  Conj           0%         2d6       100%        5
 Conjure Ball Lightning   Conj/Air       0%         3x3d6     100%        6
 Simulacrum               Ice/Necr       0%         N/A       100%        6
 Orb of Destruction       Conj           0%         N/A       100%        7
 Lehudib's Crystal Spear  Conj/Erth      0%         10d2      100%        8


Dungeon Overview and Level Annotations

Branches:
Dungeon (12/15)            Temple (0/1) D:7            Lair (0/6) D:8
    Orc (2/2) D:12            Elf (0/3) Orc:2        Bailey (visited)

Altars:
Cheibriados
Dithmenos
Kikubaaqudgha
Qazlal
Uskayaw
Vehumet
Wu Jian
Zin
The Shining One
Beogh

Shops:
D:5 *   D:6 (   D:7 *   D:11 =   Orc:1 (   Orc:2 ((

Annotations:
Orc:2 Azrael


Innate Abilities, Weirdness & Mutations

You have a pair of horns on your head.
You reflexively headbutt those who attack you in melee.


Message History

The hell hound breathes flames at you. The blast of flame hits you!
You take 16 damage, and have 65/116 hp.
You are too injured to fight recklessly!
You are too injured to fight recklessly!
You are too injured to fight recklessly!
You are too injured to fight recklessly!
You are too injured to fight recklessly!
You slash the hell hound!
You kill the hell hound!
The Council accepts your kill.
Training target 10.0 for Crossbows reached!
Your Crossbows skill increases to level 10!
You slice the fire elemental!!
The fire elemental is severely damaged.
You block the fire elemental's attack.
The orc priest miscasts a cantrip.
You slice the fire elemental!!
You destroy the fire elemental!
The Council accepts your kill.
The orc priest mumbles some strange prayers to Beogh against you.
Beogh smites you!
You take 11 damage, and have 55/117 hp.
You hit Azrael but do no damage. Your headbutt misses Azrael.
Azrael gestures at you.
The sphere of damnation explodes!
The damnation engulfs you!!
* * * LOW HITPOINT WARNING * * *
The damnation engulfs Azrael.
Azrael completely resists.
You hear a shout!
You hear two shouts!
You hear a shout!
You hit Azrael but do no damage. Your headbutt misses Azrael.
Azrael gestures at you.
The sphere of damnation explodes!
The damnation engulfs you!!
* * * LOW HITPOINT WARNING * * *
The damnation engulfs Azrael.
Azrael completely resists.
You hear a shout!
You slash Azrael! You headbutt Azrael, but do no damage.
Azrael is lightly wounded.
Azrael gestures at you.
The sphere of damnation explodes!
The damnation engulfs you!!!
You die... ##..... #..#... # ##..... ###+### #. ##.... #.....# #.#####.#. .._.. #....##### °oo

#......##
#.###R########........
#....@#.....#........[
#####.#.....#....<...[
#.'..⌠..#.........
+.#.))).#....)..[.
#.#...).#....)...#
#.###'###......###
#.#...........###.
+.#...........##..
#.##.........#####


You could see Azrael and 2 orc priests.

Vanquished Creatures
  An orc warlord (Orc:2)
  Josephine (Orc:2)
  2 hydras (D:12)
  Erolcha (Orc:1)
  Erica (D:11)
  11 two-headed ogres
  4 orc high priests (Orc:2)
  3 orc knights
  3 orc sorcerers
  2 cyclopes (D:12)
  A manticore (D:12)
  An unseen horror (D:11)
  6 trolls
  5 wraiths
  A wyvern (D:9)
  17 yaks
  2 fire elementals (Orc:2)
  5 wargs
  3 hell hounds (Orc:2)
  2 acid dragons
  A water moccasin (D:6)
  42 orc warriors
  A sky beast (D:5)
  A necrophage (D:4)
  A hornet zombie (D:8)
  20 ogres
  A centaur (D:9)
  3 kobold brigands
  3 bullfrogs
  3 howler monkeys (D:12)
  17 wights
  4 centaur zombies
  2 electric eels (D:10)
  A bullfrog zombie (D:7)
  2 hounds (D:6)
  23 orc priests
  A gnoll shaman (D:9)
  A centaur skeleton (D:6)
  3 iguanas
  19 orc wizards
  A howler monkey zombie (D:10)
  3 adders
  13 gnolls
  2 white imps (D:7)
  An ufetubus (D:5)
  2 adder skeletons (D:4)
  2 worms
  4 dart slugs
  119 orcs
  4 ball pythons
  4 endoplasms
  10 hobgoblins
  7 jackals (D:1)
  3 quokkas
  7 bats
  6 frilled lizards
  9 goblins
  17 kobolds
  8 rats
443 creatures vanquished.

Vanquished Creatures (others)
  2 plants (D:1)
2 creatures vanquished.

Grand Total: 445 creatures vanquished

Notes
Turn   | Place    | Note
-------+----------+-------------------------------------------
     0 | D:1      | tatocazan the Minotaur Fighter began the quest for the Orb.
     0 | D:1      | Reached XP level 1. HP: 19/19 MP: 0/0
   439 | D:1      | Reached XP level 2. HP: 22/27 MP: 1/1
   709 | D:1      | Reached skill level 3 in Axes
   749 | D:1      | Reached XP level 3. HP: 32/33 MP: 2/2
  1397 | D:2      | Reached XP level 4. HP: 35/40 MP: 3/3
  2122 | D:3      | Found a faded altar of an unknown god.
  2564 | D:3      | Became a worshipper of the Wu Jian Council
  2564 | D:3      | Reached * piety under Wu Jian
  3044 | D:4      | Reached skill level 4 in Axes
  3044 | D:4      | Reached XP level 5. HP: 18/47 MP: 4/4
  3064 | D:4      | Reached skill level 1 in Crossbows
  3268 | D:4      | Found an ancient bone altar of Kikubaaqudgha.
  3551 | D:4      | Noticed a necrophage
  3565 | D:5      | Entered Level 5 of the Dungeon
  3614 | D:5      | Noticed an ogre
  3620 | D:5      | Killed an ogre
  3621 | D:5      | Reached skill level 5 in Shields
  3621 | D:5      | Reached XP level 6. HP: 55/55 MP: 5/5
  3702 | D:5      | Noticed a two-headed ogre
  4062 | D:6      | Found a radiant altar of Vehumet.
  4129 | D:6      | Reached skill level 5 in Fighting
  4129 | D:6      | Reached skill level 5 in Axes
  4129 | D:6      | Reached skill level 5 in Armour
  4212 | D:6      | Found Duerem's Weapon Shop.
  4542 | D:6      | Reached ** piety under Wu Jian
  4543 | D:6      | Reached XP level 7. HP: 54/61 MP: 6/6
  4797 | D:6      | Found a glowing silver altar of Zin.
  5071 | D:6      | Reached skill level 6 in Axes
  5450 | D:5      | Found Yribboott's Gadget Gallery.
  5838 | D:4      | Reached XP level 8. HP: 70/70 MP: 7/7
  6106 | D:5      | Killed a two-headed ogre
  6107 | D:5      | Reached skill level 7 in Axes
  6483 | D:5      | Reached skill level 8 in Axes
  7221 | D:7      | Found a staircase to the Ecumenical Temple.
  7321 | D:7      | Found Miuh's Assorted Antiques.
  7326 | D:7      | Bought an onyx ring for 100 gold pieces
  7327 | D:7      | Bought a tourmaline ring for 100 gold pieces
  7339 | D:7      | Reached XP level 9. HP: 73/75 MP: 8/8
  8030 | D:8      | Reached skill level 5 in Crossbows
  8318 | D:8      | Reached skill level 9 in Axes
  8599 | D:8      | Found an ornate altar of the Wu Jian Council.
  8656 | D:8      | Found a staircase to the Lair.
  8657 | D:8      | Found a hide-covered altar of Uskayaw.
  9267 | D:9      | Reached skill level 10 in Axes
  9306 | D:9      | Reached *** piety under Wu Jian
  9511 | D:9      | Reached XP level 10. HP: 71/88 MP: 9/9
  9653 | D:9      | Found a stormy altar of Qazlal.
  9731 | D:9      | Found a glowing golden altar of the Shining One.
  9731 | D:9      | Found a snail-covered altar of Cheibriados.
 10574 | D:10     | Entered Level 10 of the Dungeon
 10612 | D:10     | Found a shadowy altar of Dithmenos.
 10651 | D:10     | Noticed a two-headed ogre
 10685 | D:10     | Killed a two-headed ogre
 10686 | D:10     | Reached skill level 11 in Axes
 11959 | D:11     | Noticed a two-headed ogre
 11970 | D:11     | Killed a two-headed ogre
 12182 | D:11     | Reached XP level 11. HP: 83/97 MP: 10/10
 12483 | D:11     | Reached **** piety under Wu Jian
 12882 | D:11     | Reached skill level 12 in Axes
 13073 | D:11     | Found Faxelos's Jewellery Shoppe.
 13077 | D:11     | Bought an amulet of the acrobat for 300 gold pieces
 13375 | D:11     | Noticed Erica
 13395 | D:11     | Killed Erica
 14060 | D:12     | Identified a scroll of acquirement
 14060 | D:12     | Acquired a +5 broad axe of flaming
 14150 | D:12     | Found a flagged portal.
 14161 | Bailey   | Entered a bailey
 14560 | Bailey   | Noticed an orc knight
 14560 | Bailey   | Noticed an orc knight
 14577 | Bailey   | Killed an orc knight
 14589 | Bailey   | Killed an orc knight
 14616 | Bailey   | Found the +3 pair of seven-league boots {Rampage+∞}
 14723 | D:12     | Noticed a two-headed ogre
 14727 | D:12     | Noticed a five-headed hydra
 14729 | D:12     | Killed a two-headed ogre
 14730 | D:12     | Reached skill level 10 in Fighting
 14730 | D:12     | Reached skill level 10 in Armour
 14730 | D:12     | Reached skill level 10 in Shields
 14734 | D:12     | Killed a one-headed hydra
 14735 | D:12     | Reached skill level 13 in Axes
 14746 | D:12     | Noticed a seven-headed hydra
 14755 | D:12     | Killed a three-headed hydra
 15321 | D:12     | Noticed a two-headed ogre
 15328 | D:12     | Killed a two-headed ogre
 15782 | D:12     | Found a staircase to the Orcish Mines.
 15824 | Orc:1    | Entered Level 1 of the Orcish Mines
 15824 | Orc:1    | Noticed an orc knight
 15827 | Orc:1    | Reached XP level 12. HP: 107/107 MP: 11/11
 16227 | Orc:1    | Paralysed by an orc sorcerer for 7 turns
 16612 | Orc:1    | Found Miunk's Weapon Emporium.
 16618 | Orc:1    | Bought the +9 hand crossbow "Adoazuwn" {freeze, rCorr} for
                  | 702 gold pieces
 16785 | Orc:1    | Noticed a two-headed ogre
 16786 | Orc:1    | Noticed a two-headed ogre
 16787 | Orc:1    | Noticed a two-headed ogre
 16791 | Orc:1    | Killed a two-headed ogre
 16792 | Orc:1    | Reached skill level 1 in Dodging
 16796 | Orc:1    | Killed a two-headed ogre
 16803 | Orc:1    | Killed a two-headed ogre
 16804 | Orc:1    | Reached skill level 14 in Axes
 16980 | Orc:1    | Noticed a two-headed ogre
 16980 | Orc:1    | Noticed Erolcha
 16980 | Orc:1    | Noticed a two-headed ogre
 16982 | Orc:1    | Noticed a two-headed ogre
 16989 | Orc:1    | Killed a two-headed ogre
 16993 | Orc:1    | Killed a two-headed ogre
 17344 | Orc:1    | Acquired 970 gold pieces
 17491 | Orc:1    | Killed Erolcha
 17521 | Orc:1    | Killed a two-headed ogre
 17807 | Orc:2    | Entered Level 2 of the Orcish Mines
 17828 | Orc:2    | Reached ***** piety under Wu Jian
 18477 | Orc:2    | Found a staircase to the Elven Halls.
 18519 | Orc:2    | Paralysed by an orc sorcerer for 4 turns
 18764 | Orc:2    | Noticed Josephine
 18778 | Orc:2    | Killed Josephine
 18779 | Orc:2    | Reached XP level 13. HP: 41/116 MP: 12/12
 19264 | Orc:2    | Noticed an orc warlord
 19302 | Orc:2    | Killed an orc warlord
 19872 | Orc:2    | Found Vayrenk's Weapon Boutique.
 20014 | Orc:2    | Reached skill level 15 in Axes
 20215 | Orc:2    | Found Qaock's Weapon Shop.
 20226 | Orc:2    | Reached ****** piety under Wu Jian
 20594 | Orc:2    | Noticed Azrael
 20606 | Orc:2    | Reached skill level 10 in Crossbows
 20610 | Orc:2    | Killed from afar by Azrael

Illustrated notes

Levels and vault maps discovered:
D:1:      dpeg_arrival_pits, layout_rooms, serial_bayou, serial_bayou_pond_d,
          serial_bayou_pond_d, serial_bayou_crossing, serial_bayou_pond_d,
          chequers_serial_rivers_small_a, patterned_corridor
D:2:      layout_basic, minmay_tromino_v7
D:3:      cheibrodos_greedy_goblins, layout_basic,
          hellmonk_ecumenical_altar_heavens_door
D:4:      layout_basic, kiku_gazebo_pond_becter
D:5:      layout_basic, nicolae_shop_gadgets
D:6:      layout_loops_ring, mainiacjoe_overflow_chevrons,
          mainiacjoe_overflow_small_starburst, serial_shops,
          nicolae_shop_behind_doors, solitary_fountain
D:7:      layout_rooms, minmay_temple_entry_stoned_glass, serial_shops,
          kennysheep_little_box, kennysheep_generic_room_7
D:8:      layout_basic, lemuel_crystal_altar, pdpol_wu_jian_five_deadly_venoms,
          lair_entry_dummy
D:9:      layout_cave_pods, nicolae_qazlal_scattered_showers,
          gammafunk_temple_overflow_wave
D:10:     minmay_goldmine, layout_rooms, nicolae_dithmenos_shadow_blocks,
          minivault_4
D:11:     layout_layer_cave, serial_shops, nicolae_shop_behind_doors, uniq_erica
D:12:     layout_irregular_city, hiddenorc2_lemuel, enter_bailey_3
Orc:1:    lemuel_ogre_cave, layout_diamond_mine, serial_shops, shop,
          lemuel_statue_altar
Orc:2:    pubby_orc_utopia, uniq_josephine, uniq_azrael

Skill      XL: |  1  2  3  4  5  6  7  8  9 10 11 12 13 |
---------------+----------------------------------------+-----
Fighting       | 4 5 6 7 8 9 10 11 | 11.6
Shields        | 4 5 6 8 9 10 11 | 11.6
Armour         | 4 5 6 8 9 10 11 | 11.7
Axes           | 3 4 5 6 8 10 11 13 14 15 | 15.1
Crossbows      | 1 2 3 4 5 7 8 9 10 | 10.0
Dodging        | 3 4 |  4.5

Action                   |  1- 3 |  4- 6 |  7- 9 | 10-12 | 13-15 || total
-------------------------+-------+-------+-------+-------+-------++-------
Melee: War axe           |    86 |   136 |     5 |       |       ||   227
       Headbutt          |    13 |    22 |    54 |   101 |    23 ||   213
       Hand axe          |       |       |   274 |   180 |       ||   454
       Broad axe         |       |       |       |   311 |   137 ||   448
 Fire: Hand crossbow     |       |       |       |   184 |       ||   184
Throw: Dart              |       |     4 |     3 |     4 |       ||    11
       Throwing net      |       |       |     1 |       |       ||     1
Invok: Lunge             |       |     1 |    12 |    36 |    16 ||    65
       Whirlwind         |       |       |     1 |    44 |    13 ||    58
       Serpent's Lash    |       |       |       |     1 |       ||     1
Evoke: Wand              |       |     5 |       |     5 |       ||    10
  Use: Potion            |       |     2 |     1 |     4 |       ||     7
       Scroll            |       |     3 |     2 |    12 |       ||    17
 Stab: Held in net/web   |       |       |     1 |       |       ||     1
Armor: Chain mail        |    53 |    76 |    65 |       |       ||   194
       Scale mail        |     2 |       |       |       |       ||     2
       Skin              |       |    19 |       |       |       ||    19
       Plate armour      |       |       |    26 |   152 |    21 ||   199
Dodge: Dodged            |    23 |    39 |    52 |    81 |    18 ||   213
Block: Kite shield       |    53 |    80 |   125 |   255 |    47 ||   560

Table legend: (Time is in decaauts)
 A = Elapsed time spent in this place.
 B = Non-inter-level travel time spent in this place.
 C = Inter-level travel time spent in this place.
 D = Time resting spent in this place.
 E = Time spent auto-exploring this place.
 F = Levels seen in this place.
 G = Mean time per level.
                   A        B        C        D        E       F      G
               +--------+--------+--------+--------+--------+-----+--------+
         Total |  20787 |  20424 |    363 |   6619 |  11030 |  15 | 1385.8 |
       Dungeon |  15438 |  15150 |    288 |   4836 |   8344 |  12 | 1286.5 |
  Orcish Mines |   4777 |   4702 |     75 |   1722 |   2342 |   2 | 2388.5 |
        Bailey |    571 |    571 |      0 |     61 |    344 |   1 |  571.0 |
               +--------+--------+--------+--------+--------+-----+--------+

Top non-repeatable levels by time:
   Orc:2: 2737 daAuts
    D:11: 2231 daAuts
     D:6: 2164 daAuts
   Orc:1: 2040 daAuts
     D:9: 1675 daAuts
    D:10: 1266 daAuts
    D:12: 1222 daAuts
     D:5: 1205 daAuts
     D:8: 1178 daAuts
     D:1: 1113 daAuts
     D:4: 1111 daAuts
     D:3: 1000 daAuts
     D:2: 681 daAuts
     D:7: 587 daAuts
  Bailey: 571 daAuts
